 Dungeon Crawl Stone Soup version 0.28.0-53-g5a82cb258f (webtiles) character file.

Game seed: 18084106949613923491

9270 SanguineChosen the Carver (level 11, -14/68 HPs)
             Began as a Gargoyle Fighter on July 22, 2022.
             Demolished by a death knight
             ... wielding a +1 morningstar
              (16 damage)
             ... on level 9 of the Dungeon.
             The game lasted 00:35:15 (10906 turns).

SanguineChosen the Carver (Gargoyle Fighter)       Turns: 10906, Time: 00:35:15

Health: -14/68     AC: 27    Str: 24    XL:     11   Next: 43%
Magic:  11/11      EV: 11    Int: 12    God:
Gold:   687        SH:  0    Dex:  9    Spells: 10/10 levels left

rFire   + . .      SeeInvis +   a - +8 falchion "Veoledot" {vorpal, rC+ Int+3}
rCold   + + +      Faith    .   c - +0 buckler
rNeg    + + .      Spirit   .   b - +2 scale mail
rPois   ∞          Reflect  .   C - +2 helmet {SInv}
rElec   +          Harm     .   u - +2 cloak
rCorr   +          Rampage  .   h - +1 pair of gloves
Will    .....                   (no boots)
Stlth   ..........              I - amulet of regeneration
HPRegen 1.01/turn               k - ring of protection from cold
MPRegen 0.12/turn               t - ring of positive energy

@: confused, mighty, resistant, ambrosia-drunk, slowed, studying Stealth, very
slow
A: sickness immunity, AC +8, negative energy resistance 1, electricity
resistance, torment resistance 1, petrification resistance
a: no special abilities


You were on level 9 of the Dungeon.
You visited 1 branch of the dungeon, and saw 10 of its levels.
You also visited: Ossuary.

You collected 687 gold pieces.

Inventory:

Hand Weapons
 a - the +8 falchion "Veoledot" (weapon) {vorpal, rC+ Int+3}
   (You found it on level 4 of the Dungeon)

   It inflicts extra damage upon your enemies.
   Int:       It affects your intelligence (+3).
   rC:        It protects you from cold.
 i - a +1 spear of venom
 w - a +2 club of freezing
Missiles
 m - 4 poisoned darts (quivered)
 v - 4 throwing nets
 A - 6 boomerangs of dispersal
Armour
 b - a +2 scale mail (worn)
 c - a +0 buckler (worn)
 h - a +1 pair of gloves (worn)
 o - a +0 tower shield
 u - a +2 cloak (worn)
 C - a +2 helmet of see invisible (worn)
 L - a +2 scale mail of cold resistance
Jewellery
 k - a ring of protection from cold (left hand)
 t - a ring of positive energy (right hand)
 I - an amulet of regeneration (around neck)
 J - a ring of ice
Wands
 q - a wand of digging (9)
 r - a wand of mindburst (15)
 x - a wand of flame (6)
 F - a wand of polymorph (1)
Scrolls
 e - 3 scrolls of teleportation
 j - 3 scrolls of fog
 s - a scroll of silence
 y - 3 scrolls of blinking
Potions
 d - 3 potions of might
 f - 2 potions of berserk rage
 g - a potion of attraction {unknown}
 l - a potion of lignification
 n - a potion of magic {unknown}
 p - 3 potions of flight
 z - 7 potions of ambrosia
 B - a potion of heal wounds {unknown}
 D - 3 potions of resistance
 E - a potion of haste {unknown}
 G - 2 potions of invisibility


   Skills:
 + Level 8.3 Fighting
 + Level 9.5 Long Blades
 + Level 3.4 Maces & Flails
 - Level 3.0 Polearms
 + Level 1.6 Throwing
 + Level 9.2 Armour
 - Level 4.1 Dodging
 + Level 2.5 Stealth
 * Level 6.8 Shields
 + Level 1.9 Unarmed Combat


You had 10 spell levels left.
You didn't know any spells.
Your spell library contained the following spells:

 Spells                   Type           Power      Damage    Failure   Level
 Corpse Rot               Necr/Air       0%         N/A       80%         2
 Ensorcelled Hibernation  Hex/Ice        0%         N/A       80%         2
 Passwall                 Tmut/Erth      0%         N/A       80%         2
 Poisonous Vapours        Pois/Air       0%         N/A       80%         2
 Spider Form              Tmut/Pois      0%         N/A       95%         3
 Swiftness                Air            0%         N/A       95%         3
 Anguish                  Hex/Necr       0%         N/A       100%        4
 Petrify                  Tmut/Erth      0%         N/A       100%        4
 Irradiate                Conj/Tmut      0%         3d14      100%        5
 Sublimation of Blood     Necr           Unusable   N/A       N/A         2

Dungeon Overview and Level Annotations

Branches:
Dungeon (10/15)            Temple (0/1) D:7            Lair (0/6) D:8
    Orc (0/2) D:9         Ossuary (visited)

Altars:
Makhleb
Xom

Shops:
D:8 (

Annotations:
D:6 1 runed translucent door, LustLizard's ghost, novice MiBe
D:7 exclusion: oklob plant


Innate Abilities, Weirdness & Mutations

You are immune to sickness and miasma.
Your stone body is resilient. (AC +8)
You are immune to poison.
You resist negative energy. (rN+)
You are resistant to electric shocks. (rElec)
You are resistant to unholy torment.
You are immune to petrification.


Message History

The death knight hits you but does no damage.
The wraith closely misses you.
You slash the death knight!
The death knight is moderately wounded.
The death knight reflects your damage back at you!
The death knight's dark mirror aura disappears.
The death knight hits you with a +1 morningstar!
The wraith hits you but does no damage.
You closely miss the wraith. You block the death knight's attack.
The wraith hits you.
* * * LOW HITPOINT WARNING * * *
The wraith drains your vigour!
You feel yourself slow down.
You closely miss the wraith.
The death knight hits you with a +1 morningstar.
* * * LOW HITPOINT WARNING * * *
The wraith barely misses you.
You slice the wraith!!
The wraith is severely damaged.
The death knight hits you with a +1 morningstar!
* * * LOW HITPOINT WARNING * * *
The wraith hits you but does no damage.
You hit the wraith.
The wraith is almost destroyed.
The death knight mumbles some strange prayers to Yredelemnul against you.
You struggle to resist.
The wraith hits you but does no damage.
The death knight hits you but does no damage.
The wraith hits you.
* * * LOW HITPOINT WARNING * * *
The wraith drains your vigour!
You feel as though you will be slow longer.
You are confused.
You feel invigorated.
The death knight invokes the aid of Yredelemnul against you.
You struggle to resist.
The wraith closely misses you.
You bump into the rock wall.
The death knight hits you with a +1 morningstar!
* * * LOW HITPOINT WARNING * * *
The wraith hits you but does no damage.
The death knight hits you with a +1 morningstar!
You die...

..####....##
##....###.....###..
....##...^#
##.........#......
....###...#
#.........###..###
<#..# #...#
##.######..# ##.#
##.## ##..# #..#
##.# #.# #.# #..#
#..# #.# #.# #.#
#.## ##.# ### #>#
### #.# #W# ##)#
#.# ##@# ###..# #
#.# #p## #..#####
#.# ##.# #### #.
#.# #.## ## ### ###


You could see a death knight and a wraith.

Vanquished Creatures
  A centaur warrior (D:10)
  A two-headed ogre (D:9)
  A wolf spider (D:9)
  Maggie (D:6)
  Psyche (D:8)
  A queen bee (D:9)
  3 trolls
  A shadow (D:10)
  3 wyverns
  Grum (D:9)
  2 steam dragons (D:8)
  4 vampire mosquitoes (D:8)
  A water moccasin (D:8)
  Duvessa (D:7)
  A black bear (D:6)
  2 sky beasts
  A hornet zombie (D:7)
  2 ice beasts (D:7)
  2 ogres
  2 wolves (D:9)
  A necrophage (D:7)
  A centaur (D:6)
  A phantom (D:7)
  A kobold brigand (D:9)
  A gnoll sergeant (D:10)
  2 wyvern zombies
  4 scorpions
  A water moccasin zombie (D:5)
  Dowan (D:7)
  2 water moccasin skeletons
  2 wyvern skeletons
  26 killer bees
  2 howler monkeys (D:9)
  8 centaur zombies
  10 jellies
  2 orc priests (D:7)
  2 hounds
  A gnoll shaman (D:6)
  Jessica (D:2)
  Ijyb (D:3)
  Natasha (thrice) (D:3)
  Terence (D:2)
  2 orc wizards (D:7)
  A killer bee zombie (D:8)
  A hound zombie (D:5)
  A hound skeleton (D:5)
  5 mummies (Ossuary)
  9 gnolls
  An adder (D:5)
  2 shadow imps (D:7)
  An ufetubus (D:7)
  4 worms
  5 dart slugs
  17 orcs
  9 ball pythons
  5 bats
  16 endoplasms
  3 giant cockroaches
  11 goblins
  5 hobgoblins
  6 jackals
  8 quokkas
  2 frilled lizards
  3 hobgoblin zombies (Ossuary)
  12 kobolds
  6 rats
241 creatures vanquished.

Vanquished Creatures (others)
  7 fungi (D:7)
  5 toadstools (D:7)
12 creatures vanquished.

Grand Total: 253 creatures vanquished

Notes
Turn   | Place    | Note
-------+----------+-------------------------------------------
     0 | D:1      | SanguineChosen the Gargoyle Fighter began the quest for the
                  | Orb.
     0 | D:1      | Reached XP level 1. HP: 14/14 MP: 1/1
   297 | D:1      | Reached XP level 2. HP: 18/19 MP: 2/2
   722 | D:1      | Reached skill level 1 in Polearms
   734 | D:1      | Reached XP level 3. HP: 23/23 MP: 3/3
  1272 | D:2      | Noticed Jessica
  1276 | D:2      | Killed Jessica
  1277 | D:2      | Reached XP level 4. HP: 28/28 MP: 4/4
  1292 | D:2      | Found a faded altar of an unknown god.
  1717 | D:2      | Noticed Terence
  1726 | D:2      | Killed Terence
  2070 | D:3      | Noticed Natasha
  2094 | D:3      | Killed Natasha
  2095 | D:3      | Reached XP level 5. HP: 19/33 MP: 5/5
  2323 | D:3      | Noticed Natasha
  2337 | D:3      | Killed Natasha
  2338 | D:3      | Reached skill level 1 in Dodging
  2476 | D:3      | Noticed Natasha
  2486 | D:3      | Killed Natasha
  3166 | D:3      | Noticed Ijyb
  3174 | D:3      | Killed Ijyb
  3175 | D:3      | Reached XP level 6. HP: 37/38 MP: 6/6
  4012 | D:4      | Identified the +8 falchion "Veoledot" {vorpal, rC+ Int+3}
  4345 | D:5      | Entered Level 5 of the Dungeon
  4360 | D:5      | Reached skill level 1 in Stealth
  4360 | D:5      | Reached XP level 7. HP: 24/44 MP: 7/7
  4679 | D:5      | Reached skill level 5 in Armour
  4789 | D:5      | Reached skill level 1 in Long Blades
  4857 | D:5      | Reached skill level 5 in Fighting
  5424 | D:6      | Found a burning altar of Makhleb.
  5684 | D:6      | Reached XP level 8. HP: 49/49 MP: 8/8
  5684 | D:6      | Found a runed translucent door.
  5684 | D:6      | Found a shimmering altar of Xom.
  5684 | D:6      | Noticed a +2 quarterstaff of chaos
  5684 | D:6      | Noticed LustLizard's ghost (novice MiBe)
  6215 | D:6      | Noticed Maggie
  6225 | D:6      | Killed Maggie
  7271 | D:7      | Found a sand-covered staircase.
  7277 | Ossuary  | Entered an ossuary
  7290 | Ossuary  | Reached skill level 5 in Long Blades
  7382 | Ossuary  | Reached XP level 9. HP: 55/55 MP: 9/9
  7528 | D:7      | Noticed Duvessa
  7528 | D:7      | Noticed Dowan
  7554 | D:7      | Killed Duvessa
  7558 | D:7      | Killed Dowan
  7819 | D:7      | Reached skill level 5 in Shields
  7831 | D:7      | Found a staircase to the Ecumenical Temple.
  8032 | D:7      | Reached skill level 1 in Unarmed Combat
  8058 | D:7      | Noticed an oklob plant
  8461 | D:8      | Noticed Psyche
  8610 | D:8      | Reached XP level 10. HP: 55/61 MP: 10/10
  8760 | D:8      | Found Qem Muem's Antique Weapon Emporium.
  9151 | D:8      | Killed Psyche
  9297 | D:8      | Found a staircase to the Lair.
  9436 | D:8      | Identified the +3 short sword of Bankruptcy {elec, Drain
                  | rPois Will+ Int+4}
  9687 | D:9      | Reached skill level 1 in Throwing
  9922 | D:9      | Noticed Grum
  9937 | D:9      | Reached XP level 11. HP: 45/68 MP: 11/11
  9946 | D:9      | Killed Grum
  9970 | D:9      | Found a staircase to the Orcish Mines.
 10473 | D:9      | Identified a scroll of acquirement
 10473 | D:9      | Acquired a manual of Stealth
 10494 | D:10     | Entered Level 10 of the Dungeon
 10648 | D:10     | Noticed a two-headed ogre
 10650 | D:10     | Noticed a centaur warrior
 10715 | D:10     | Noticed a wolf spider
 10723 | D:9      | Killed a two-headed ogre
 10766 | D:9      | Killed a wolf spider
 10830 | D:10     | Killed a centaur warrior
 10883 | D:10     | Noticed a death knight
 10904 | D:9      | HP: 3/68 [wraith[a death knight] (3)]
 10906 | D:9      | Demolished by a death knight

Illustrated notes

Levels and vault maps discovered:
D:1:      dpeg_arrival_orchard, layout_basic, hangedman_decor_points
D:2:      layout_loops_ring, hellmonk_ecumenical_altar_heavens_door,
          fountainhead, uniq_terence, uniq_jessica
D:3:      kennysheep_goblin_castle, layout_basic, uniq_natasha
D:4:      layout_basic
D:5:      layout_basic, hangedman_decor_lopped, minmay_misc_feat_doors
D:6:      layout_basic, overflow_temple_1_default, ebering_ghost_xom,
          roderic_lattice_a, kennysheep_generic_room_7, uniq_maggie
D:7:      lemuel_slime, layout_gridville, minmay_temple_entry_wispy,
          enter_ossuary_2, minmay_gold_behind_fungi, uniq_duvessa
D:8:      layout_loops_ring, serial_shops, nicolae_inconvenience_store,
          nrook_loot_triangle, uniq_psyche
D:9:      layout_layer_cave, orc_0_dummy, special_room [special_room_bee],
          uniq_grum
D:10:     minmay_the_grid_square_5x5_4x4
          [minmay_the_grid_square_5x5_fancy_junction,
          minmay_the_grid_square_5x5_corner, minmay_the_grid_square_5x5_spiral,
          minmay_the_grid_square_5x5_inner_z,
          minmay_the_grid_square_5x5_n_small,
          minmay_the_grid_square_5x5_prize_waves,
          minmay_the_grid_square_5x5_prize_gold,
          minmay_the_grid_square_5x5_broken_cross,
          minmay_the_grid_square_5x5_three_walls,
          minmay_the_grid_square_5x5_prize_deathbox,
          minmay_the_grid_square_5x5_prize_monsterx,
          minmay_the_grid_square_5x5_two_walls_a,
          minmay_the_grid_square_5x5_three_small,
          minmay_the_grid_square_5x5_one_wall,
          minmay_the_grid_square_5x5_intrusive_squares,
          minmay_the_grid_square_5x5_comb], layout_rooms

Skill      XL: |  1  2  3  4  5  6  7  8  9 10 11 |
---------------+----------------------------------+-----
Polearms       | 1 3 |  3.0
Armour         | 4 5 6 7 8 9 |  9.2
Fighting       | 4 5 6 7 8 |  8.3
Dodging        | 1 2 3 4 |  4.1
Maces & Flails | 3 |  3.4
Stealth        | 1 2 |  2.5
Shields        | 4 5 6 |  6.8
Long Blades    | 2 5 7 8 9 |  9.5
Unarmed Combat | 1 |  1.9
Throwing       | 1 |  1.6

Action                   |  1- 3 |  4- 6 |  7- 9 | 10-12 || total
-------------------------+-------+-------+-------+-------++-------
Melee: Flail             |    37 |       |       |       ||    37
       Spear             |    49 |   162 |       |       ||   211
       Club              |       |    41 |       |       ||    41
       Falchion          |       |     9 |   265 |   312 ||   586
       Unarmed           |       |       |    16 |    12 ||    28
Throw: Dart              |       |       |       |    11 ||    11
Evoke: Wand              |       |       |       |     1 ||     1
  Use: Scroll            |       |    10 |     2 |     7 ||    19
       Potion            |       |       |     2 |     5 ||     7
 Stab: Distracted        |       |     1 |       |       ||     1
       Invisible         |       |       |       |     1 ||     1
Armor: Scale mail        |    30 |    89 |   170 |   231 ||   520
       Skin              |       |       |     5 |       ||     5
Dodge: Dodged            |    42 |    75 |   169 |   182 ||   468
Block: Buckler           |    14 |    33 |    66 |    84 ||   197
